 Dungeon Crawl Stone Soup version 0.16.1-11-g651b585 (webtiles) character file.

125 jacksonaction the Poker (level 5, -7/36 HPs)
             Began as an Octopode Fighter on Apr 6, 2015.
             Mangled by an ogre
             ... wielding a +0 giant club
              (20 damage)
             ... on level 4 of the Dungeon.
             The game lasted 00:13:06 (2599 turns).

jacksonaction the Poker (Octopode Fighter)          Turns: 2599, Time: 00:13:06

Health: -7/36      AC:  1    Str: 16    XL:     5   Next: 9%
Magic:  5/5        EV: 10    Int: 10    God:
Gold:   157        SH:  8    Dex: 12    Spells: 0 memorised, 4 levels left

rFire  . . .     SeeInvis .     a - +0 trident
rCold  . . .     Clarity  .     c - +0 shield
rNeg   . . .     SustAb   .     (helmet restricted)
rPois  .         Gourm    .     (no amulet)
rElec  .         Spirit   .     (no ring)
rCorr  .         Warding  .     (no ring)
rMut   .         Stasis   .     (no ring)
MR     .....                    (no ring)
Stlth  ++........               (no ring)
                                (no ring)
                                (no ring)
                                (no ring)

@: drained, not resistant to hostile enchantments, unstealthy
A: almost no armour, amphibious, 8 rings, constrict 8, camouflage 1, gelatinous
body 1
a: no special abilities


You were on level 4 of the Dungeon.
You were hungry.

You visited 1 branch of the dungeon, and saw 4 of its levels.

You collected 157 gold pieces.

Inventory:

Hand weapons
 a - a +0 trident (weapon)
Missiles
 h - 21 stones (quivered)
Armour
 c - a +0 shield (worn)
Jewellery
 f - a +2 ring of protection {unknown}
 t - an uncursed ring of stealth {unknown}
Scrolls
 b - 5 scrolls of identify {unknown}
 k - a scroll of noise {unknown}
 n - 2 scrolls of teleportation {unknown}
 p - a scroll of recharging {unknown}
 q - a scroll of enchant weapon {unknown}
 r - 2 scrolls of fear {unknown}
 s - a scroll of fog {unknown}
Potions
 e - a potion of might
 i - a potion of mutation {unknown}
 j - 2 potions of heal wounds {unknown}
 l - 2 potions of flight {unknown}
 m - a potion of curing {unknown}
 u - a potion of invisibility
 v - a potion of berserk rage {unknown}
Comestibles
 d - 2 bread rations
 g - a slice of pizza
 o - a royal jelly
 w - 4 chunks of flesh


   Skills:
 - Level 3.0(2.8) Fighting
 + Level 5.1(5.0) Polearms
 - Level 3.0(2.8) Dodging
 - Level 3.0(2.8) Shields


You had 4 spell levels left.
You didn't know any spells.

Dungeon Overview and Level Annotations

Branches:
Dungeon (4/15)
 Temple: D:4-7

Altars:
Zin
The Shining One

Portals:
Ossuary: D:4

Annotations:
D:3 cstrauz's ghost, average KoAs


Innate Abilities, Weirdness & Mutations

You cannot wear most types of armour.
You are amphibious.
You can wear up to eight rings at the same time.
You can use your tentacles to constrict many enemies at once.
Your skin changes colour to match your surroundings (Stealth).
Your rubbery body absorbs attacks (AC +1).


Message History

Press: ? - help, Dir - move target cursor, f/p - ogre
Aim: an ogre, wielding a giant club (lightly wounded)
You reach to attack!
You puncture the ogre!
The ogre is moderately wounded.
The ogre closely misses you.
You hit the ogre but do no damage.
The ogre is moderately wounded.
You hit the ogre.
The ogre is heavily wounded.
The ogre barely misses you.
You are feeling hungry.
You puncture the ogre!
The ogre is severely wounded.
The ogre hits you with a giant club!!
Ouch! That really hurt!
You barely miss the ogre. You squeeze the ogre.
The ogre is almost dead.
The ogre hits you with a giant club!!
Ouch! That really hurt!
You die...

.(. ## ...# . ...
##( #.. ###...O..
... #..
##.......##.# #..
.....Z....#.## #l#
.............# #.#
#.........#..# #O#
##.......##..###@# #
#......##......#
####...#.##.####..#
#.#.#.#.#.#.#.#.#.#
)..................#
#.#.#.#.#.#.#.#.#.##
........(..........#
#.#>#.#.#.#.#.#.#.##
......#######.....


You could see an ogre and a giant gecko.

Vanquished Creatures
  A hound skeleton (D:4)
  3 adders (D:3)
  A worm (D:2)
  An adder skeleton (D:4)
  3 giant geckos
  An ooze (D:2)
  2 orcs
  5 giant cockroaches
  13 goblins
  6 hobgoblins
  10 jackals
  2 quokkas (D:3)
  2 ball pythons
  6 bats
  5 giant newts
  10 kobolds
  6 rats
77 creatures vanquished.

Notes
Turn   | Place    | Note
--------------------------------------------------------------
     0 | D:1      | jacksonaction, the Octopode Fighter, began the quest for the Orb.
     0 | D:1      | Reached XP level 1. HP: 16/16 MP: 1/1
   207 | D:1      | Reached XP level 2. HP: 18/21 MP: 2/2
   637 | D:1      | Reached XP level 3. HP: 26/26 MP: 3/3
  1119 | D:2      | Reached skill level 4 in Polearms
  1461 | D:3      | Reached XP level 4. HP: 31/31 MP: 4/4
  1678 | D:3      | Noticed cstrauz's ghost (average KoAs)
  2147 | D:3      | Found a glowing golden altar of the Shining One.
  2147 | D:3      | Found a glowing silver altar of Zin.
  2454 | D:4      | Found a sand-covered staircase.
  2526 | D:4      | Reached skill level 5 in Polearms
  2526 | D:4      | Reached XP level 5. HP: 31/36 MP: 5/5
  2536 | D:4      | Noticed an ogre
  2589 | D:4      | Noticed an ogre
  2599 | D:4      | Mangled by an ogre

Action                   |  1- 3 |  4- 6 || total
-------------------------+-------+-------++-------
Melee: Trident           |    98 |    69 ||   167
Throw: Stone             |     9 |    13 ||    22
 Stab: Sleeping          |     4 |     3 ||     7
  Eat: Chunk             |     2 |     3 ||     5
